 Dungeon Crawl Stone Soup version 0.27-a0-668-gb5737ff2c0 (webtiles) character file.

Game seed: 4079336181658446187

100 Lanoc the Charlatan (level 4, -1/33 HPs)
             Began as a Mummy Artificer on Mar 17, 2021.
             Shot with a stone by a goblin (9 damage)
             ... on level 3 of the Dungeon.
             The game lasted 00:03:00 (2349 turns).

Lanoc the Charlatan (Mummy Artificer)               Turns: 2349, Time: 00:03:01

Health: -1/33      AC:  3    Str: 15    XL:     4   Next: 46%
Magic:  4/4        EV: 11    Int: 10    God:
Gold:   29         SH:  0    Dex: 13    Spells: 3/3 levels left

rFire    x . .     SeeInvis .   a - +0 spear (vamp)
rCold    + . .     Faith    .   (no shield)
rNeg     + + +     Spirit   .   g - +0 leather armour
rPois    ∞         Reflect  .   (no helmet)
rElec    .         Harm     .   (no cloak)
rCorr    .         Rampage  .   (no gloves)
Will     .....                  (no boots)
Stlth    +.........             (no amulet)
HPRegen  0.11/turn              (no ring)
MPRegen  0.09/turn              (no ring)

@: no status effects
A: cold resistance 1, negative energy resistance 3, torment resistance 2,
unbreathing 1, heat vulnerability 1, no potions
a: no special abilities


You were on level 3 of the Dungeon.
You visited 1 branch of the dungeon, and saw 3 of its levels.

You collected 29 gold pieces.

Inventory:

Hand Weapons
 a - a +0 vampiric spear (weapon)
 b - a +0 hunting sling
Missiles
 h - 10 sling bullets
Armour
 g - a +0 leather armour (worn)
Wands
 c - a wand of flame (7) (quivered)
 d - a wand of charming (15)
 e - a wand of random effects (15)
Scrolls
 f - 4 scrolls of blinking {unknown}
 i - a scroll of random uselessness {unknown}
 j - a scroll of teleportation {unknown}


   Skills:
 + Level 2.2 Fighting
 - Level 1.5 Armour
 + Level 1.7 Dodging
 - Level 0.7 Stealth
 * Level 3.5 Evocations


You had 3 spell levels left.
You didn't know any spells.
Your spell library was empty.

Dungeon Overview and Level Annotations

Branches:
Dungeon (3/15)

Altars:
Okawaru


Innate Abilities, Weirdness & Mutations

You are immune to poison.
Your flesh is cold resistant. (rC+)
You are immune to negative energy. (rN+++)
You are immune to unholy pain and torment.
You can survive without breathing.
You are vulnerable to heat. (rF-)
You do not drink.


Message History

You now have 29 gold pieces (gained 8).
Items here: [ ÷÷÷÷.
An orc comes into view. It is wielding a +0 trident.
A goblin comes into view. It is wielding a +0 club.
The orc hits you from afar with a +0 trident.
You reach to attack!
You hit the orc.
You feel better.
The orc is heavily wounded.
The orc hits you from afar with a +0 trident.
You reach to attack!
You barely miss the orc.
The orc is heavily wounded.
The orc barely misses you.
You reach to attack!
You hit the orc.
You feel better.
The orc is severely wounded.
The orc hits you from afar with a +0 trident!
You reach to attack!
You hit the orc.
You feel better.
The orc is severely wounded.
The goblin shouts!
The orc hits you from afar with a +0 trident.
You are too injured to fight recklessly!
You are too injured to fight recklessly!
You are too injured to fight recklessly!
Reach: a) +0 spear (vamp)
Press: ? - help, Dir - move target, f/p - orc
Aim: an orc, wielding a +0 trident (severely wounded, about 40% to evade your +0 vampiric spear)
You reach to attack!
You barely miss the orc.
The orc is severely wounded.
The orc hits you from afar with a +0 trident!
* * * LOW HITPOINT WARNING * * *
Reach: a) +0 spear (vamp)
Press: ? - help, Dir - move target, f/p - orc
Aim: an orc, wielding a +0 trident (severely wounded, about 40% to evade your +0 vampiric spear)
You reach to attack!
You hit the orc.
You kill the orc!
Reach: a) +0 spear (vamp)
Press: ? - help, Dir - move target, f - goblin
Aim: a goblin, wielding a +0 club and quivering stones (about 47% to evade your +0 vampiric spear)
You reach to attack!
You hit the goblin but do no damage.
The goblin unwields a +0 club.
The goblin wields a +0 hunting sling.
The goblin shoots a stone.
The stone hits you!
You die...

......# ......#
......########
.............###
......######...##
......########..######
###.......# ##......#
##[####.# ##.....# #.#
#@....# #!#### #.....#
#....## .g....# ####..#
.#.....# ##### ##.#
###.....#
..>.####.###.###.......
.##.....................
.########....########...
..#####!...###


You could see a goblin.

Vanquished Creatures
  An orc wizard (D:2)
  4 adders
  A worm (D:3)
  A leopard gecko (D:3)
  6 orcs
  A bat (D:3)
  2 giant cockroaches
  2 goblins (D:3)
  6 jackals
  3 kobolds
  3 rats
30 creatures vanquished.

Notes
Turn   | Place    | Note
-------+----------+-------------------------------------------
     0 | D:1      | Lanoc the Mummy Artificer began the quest for the Orb.
     0 | D:1      | Reached XP level 1. HP: 15/15 MP: 1/1
   522 | D:2      | Reached skill level 1 in Dodging
   547 | D:2      | Reached XP level 2. HP: 10/21 MP: 2/2
   843 | D:2      | Reached skill level 3 in Evocations
   882 | D:2      | Found an iron altar of Okawaru.
   997 | D:2      | Reached XP level 3. HP: 5/26 MP: 3/3
  1695 | D:2      | HP: 1/27 [orc/+0 club (3)]
  1697 | D:2      | Reached XP level 4. HP: 1/33 MP: 4/4
  2086 | D:3      | HP: 1/33 [adder (2)]
  2349 | D:3      | Shot with a stone by a goblin

Illustrated notes

Levels and vault maps discovered:
D:1:      minmay_arrival_widening_spiral_wide, layout_basic, serial_shops,
          nicolae_shop_behind_doors
D:2:      layout_loops_corners, okawaru_ov_weapons_minmay, uniq_terence
D:3:      layout_rooms

Skill      XL: |  1  2  3 |
---------------+----------+-----
Dodging        | 1 |  1.7
Evocations     | 3 |  3.5
Fighting       | 2 |  2.2
Armour         | |  1.5
Stealth        | |  0.7

Action                   |  1- 3 |  4- 6 || total
-------------------------+-------+-------++-------
Melee: Club              |    16 |       ||    16
       Spear             |    47 |    53 ||   100
 Fire: Hunting sling     |    27 |       ||    27
Evoke: Wand              |     8 |       ||     8
 Stab: Distracted        |       |     1 ||     1
Armor: Leather armour    |    21 |    11 ||    32
Dodge: Dodged            |    63 |    22 ||    85

Table legend: (Time is in decaauts)
 A = Elapsed time spent in this place.
 B = Non-inter-level travel time spent in this place.
 C = Inter-level travel time spent in this place.
 D = Time resting spent in this place.
 E = Time spent auto-exploring this place.
 F = Levels seen in this place.
 G = Mean time per level.
                   A        B        C        D        E       F      G
               +--------+--------+--------+--------+--------+-----+--------+
         Total |   2370 |   2261 |    109 |   1004 |    916 |   3 |  790.0 |
       Dungeon |   2370 |   2261 |    109 |   1004 |    916 |   3 |  790.0 |
               +--------+--------+--------+--------+--------+-----+--------+

Top non-repeatable levels by time:
     D:2: 1329 daAuts
     D:3: 524 daAuts
     D:1: 517 daAuts
